 Dungeon Crawl Stone Soup version 0.21.1-1-g345015f (webtiles) character file.

33 garbagetei the Digger (level 3, -11/20 HPs)
             Began as a Deep Elf Earth Elementalist on Feb 6, 2018.
             Killed from afar by an orc wizard (13 damage)
             ... with a puff of flame
             ... on level 1 of the Dungeon.
             The game lasted 00:02:10 (1081 turns).

garbagetei the Digger (Deep Elf Earth Elementalist) Turns: 1081, Time: 00:02:11

Health: -11/20     AC:  2    Str:  5    XL:     3   Next: 12%
Magic:  7/10       EV: 13    Int: 20    God:
Gold:   50         SH:  0    Dex: 15    Spells: 8/9 levels left

rFire    . . .     SeeInvis +   h - -1 dagger (curse)
rCold    . . .     Gourm    .   (no shield)
rNeg     . . .     Faith    .   c - +0 robe
rPois    .         Spirit   .   (no helmet)
rElec    .         Reflect  .   (no cloak)
rCorr    .         Harm     .   (no gloves)
MR       .....                  (no boots)
Stlth    ++........             (no amulet)
HPRegen  0.06/turn              m - ring of see invisible
MPRegen  0.12/turn              (no ring)

@: hasted, very quick
A: no striking features
a: no special abilities


You were on level 1 of the Dungeon.
You were hungry.

You visited 1 branch of the dungeon, and saw 2 of its levels.

You collected 50 gold pieces.

Inventory:

Hand Weapons
 h - a cursed -1 dagger (weapon)
Missiles
 b - 16 stones (quivered)
Armour
 c - a +0 robe (worn)
 k - a +0 pair of boots
Jewellery
 m - a ring of see invisible (left hand)
Scrolls
 a - a scroll of random uselessness {unknown}
 f - a scroll of remove curse {unknown}
 l - a scroll of immolation {unknown}
Potions
 i - a potion of might {unknown}
 n - a potion of agility {unknown}
Books
 e - a book of Geomancy

   Spells                             Type                      Level
   a - Sandblast                      Earth                        1
   b - Passwall                       Transmutation/Earth          2
   c - Stone Arrow                    Conjuration/Earth            3
   d - Petrify                        Transmutation/Earth          4
   e - Lee's Rapid Deconstruction     Earth                        5
Comestibles
 d - 2 rations
 j - a chunk of flesh


   Skills:
 + Level 0.6 Fighting
 + Level 2.9 Dodging
 - Level 2.4 Stealth
 * Level 3.7 Spellcasting
   Level 1.1 Transmutations
 * Level 3.8 Earth Magic


You had 8 spell levels left.
You knew the following spells:

 Your Spells              Type           Power        Failure   Level  Hunger
a - Sandblast             Erth           ###...       2%          1    None


Dungeon Overview and Level Annotations

Branches:
Dungeon (2/15)

Altars:


Message History

b - 17 stones The orc wizard hits you with a dagger.
* * * LOW HITPOINT WARNING * * *
Casting: Sandblast
Confirm with . or Enter, or press ? or * to list all spells.
Aiming: Sandblast
Press: ? - help, Shift-Dir - straight line, f/p - orc wizard
Aim: an orc wizard, wielding a dagger and wearing a robe (almost dead, slightly transparent)
The blast of sand misses the orc wizard.
The blast of sand hits the adder.
The adder is severely wounded.
b - 16 stones The orc wizard hits you with a dagger.
* * * LOW HITPOINT WARNING * * *
It was a potion of haste.
You feel yourself speed up.
You are feeling hungry.
The orc wizard gestures at you while chanting.
The puff of flame hits you!
Ouch! That really hurt!
You die...

##################
.................# ###
.###############.# #.. .# #.#
###.# .# #########.#########
#....
.#######.......#.........####....
.#.............###o...##.#....#.#
.'.............+@oS...##.#.#..#.#
.#.............###o##....#.#..#.#
.#######.......# #.##.####.#.##.#
.# #.÷.....# #.##....#.#..... .#
##÷##...# #.##..#.#.####.# .#
#.##...# #.##..#.#.##.#.# .#
#.##...# #.##..#.#.##.#.# .#
#.###### #.##..#.#.##.#.# .#
#.########.##..#.#....#.#


You could see an orc wizard (invisible), an adder and 2 orcs.

Vanquished Creatures
  3 bats (D:1)
  2 giant cockroaches
  3 hobgoblins (D:1)
  6 jackals (D:1)
  2 kobolds (D:1)
  A frilled lizard (D:1)
  7 goblins
  4 rats
28 creatures vanquished.

Notes
Turn   | Place    | Note
-------+----------+-------------------------------------------
     0 | D:1      | garbagetei the Deep Elf Earth Elementalist began the quest for the Orb.
     0 | D:1      | Reached XP level 1. HP: 10/10 MP: 6/6
   159 | D:1      | Reached XP level 2. HP: 15/15 MP: 6/8
   580 | D:1      | Reached XP level 3. HP: 13/20 MP: 6/10
  1080 | D:1      | HP: 1/20 [orc wizard/dagger (1)]
  1081 | D:1      | Killed from afar by an orc wizard

Action                   || total
-------------------------++-------
Melee: Dagger            ||    52
 Cast: Sandblast         ||    32
  Use: Potion            ||     1
 Stab: Sleeping          ||     1
Armor: Robe              ||    13
Dodge: Dodged            ||    55
